AoeStats
← Chewy

Arabia

507421882Analyzed
3v3 RM · 14d ago on Sep 18, 2026· 30m 52s· 6 players
Game mode
Random Map
Map size
Normal (6 player)
Population
200
Speed
Normal
Resources
Standard
Victory
Conquest
Starting age
Dark Age
Ending age
Imperial Age
RankedLock teamsTeams togetherTeam positionsShared explorationLock speedFull tech treeHidden civsTurbo modeCheats
Victory
Defeat
🇺🇸 Ethiopians · United States
1174
+30
🇺🇸 Romans · United States
1128
+35
🇺🇸 Franks · United States
1058
+17
🇦🇷 Magyars · Argentina
1135
-16
🇦🇷 Khmer · Argentina
1089
-15
🇦🇷 Berbers · Argentina
1029
-12
Juancaatg
7:48 Loom
10:18 Feudal Age
11:19 Double-Bit Axe
11:49 Horse Collar
Eljetty22
12:34 Feudal Age
13:50 Wheelbarrow
15:42 Scale Barding Armor
facufalcon44
3:53 Loom
10:06 Feudal Age
10:46 Double-Bit Axe
13:19 Horse Collar
16:49 Bloodlines
17:05 Town Watch
18:03 Forging
19:19 Scale Barding Armor
Chewy
6:43 Loom
8:57 Feudal Age
13:03 Fletching
16:51 Padded Archer Armor
22:53 Castle Age
22:57 Crossbowman
23:34 Bodkin Arrow
24:08 Double-Bit Axe
26:50 Gold Mining
29:53 Bow Saw
31:01 Stone Mining
halgorithm
5:40 Loom
8:53 Feudal Age
9:28 Double-Bit Axe
20:03 Castle Age
18:33 Scale Barding Armor
19:44 Forging
19:26 Gold Mining
22:31 Iron Casting
22:08 Husbandry
26:04 Chain Barding Armor
YummyPepperoni
6:07 Loom
8:48 Feudal Age
9:41 Double-Bit Axe
17:33 Castle Age
16:05 Man-at-Arms
17:23 Scale Mail Armor
17:41 Forging
19:22 Long Swordsman
21:18 Squires
23:48 Bow Saw
29:20 Imperial Age
28:01 Wheelbarrow
29:22 Spies/Treason
Connection lost

Rejoining the realm…

Still unreachable

The connection could not be restored.

Session expired

The server has moved on; the page needs a fresh start.